 Dungeon Crawl Stone Soup version 0.30.0-5-g1a98f26d00 (webtiles) character file.

Game seed: 6831907425359455426

188395 SnakkuSnakku7 the Bludgeoner (level 16, -6/127 HPs)
             Began as a Vampire Hedge Wizard on May 12, 2023.
             Was a High Priest of Okawaru.
             Mangled by a merfolk
             ... wielding a +2 trident of venom
              (16 damage)
             ... on level 3 of the Shoals.
             The game lasted 01:08:29 (34221 turns).

SnakkuSnakku7 the Bludgeoner (VpHW)                Turns: 34221, Time: 01:08:29

Health: -6/127     AC: 40    Str: 15    XL:     16   Next: 47%
Magic:  17/23      EV: 13    Int: 18    God:    Okawaru [*****.]
Gold:   2318       SH: 15    Dex: 16    Spells: 21/21 levels left

rFire   + + .        a - +4 eveningstar (freeze)
rCold   . . .        O - +1 kite shield {AC+3}
rNeg    . . .        y - +3 fire dragon scales
rPois   +            o - +2 helmet
rElec   .            p - +2 cloak {rC+}
rCorr   .            r - +1 pair of gloves
SInv    +            N - +2 pair of boots of Pride {*Corrode rPois Stlth+}
Will    +....        x - amulet "Anibacs" {Regen+ Dex+2}
Stlth   +++          e - +5 ring of evasion
HPRegen 1.41/turn    J - +4 ring of protection
MPRegen 0.18/turn

%: corrode self (3%)
@: heroic, finesse-ful, healing quickly, unable to drink
A: alive, fangs 3, see invisible, inability to drink after injury 2, hated by
all, inability to train dodging, no earth magic, no hexes magic, no
translocations magic, inexperienced 1, vampiric 2
}: 1/15 runes: serpentine
a: Exsanguinate, Renounce Religion, Heroism, Finesse, Duel


You were on level 3 of the Shoals.
You worshipped Okawaru.
Okawaru was extremely pleased with you.
You visited 6 branches of the dungeon, and saw 30 of its levels.
You also visited: Ice Cave.

You collected 4739 gold pieces.
You spent 2421 gold pieces at shops.

Inventory:

Hand Weapons
 a - a +4 eveningstar of freezing (weapon)
Missiles
 f - 6 curare-tipped darts
Armour
 o - a +2 helmet (worn)
 p - a +2 cloak of cold resistance (worn)
 r - a +1 pair of gloves (worn)
 y - +3 fire dragon scales (worn)
 N - the +2 pair of boots of Pride (worn) {*Corrode rPois Stlth+}
   (You acquired it on level 14 of the Dungeon)

   rPois:     It protects you from poison.
   *Corrode:  It may corrode you when you take damage.
   Stlth:     It makes you more stealthy.
 O - a +1 kite shield of protection (worn)
 V - a +2 kite shield of cold resistance
Jewellery
 b - a ring of protection from fire
 e - a +5 ring of evasion (left hand)
 x - the amulet "Anibacs" (around neck) {Regen+ Dex+2}
   (You acquired it on level 14 of the Dungeon)

   [amulet of regeneration]

   Dex:       It affects your dexterity (+2).
   Regen:     It increases your rate of health regeneration.
 J - a +4 ring of protection (right hand)
 U - a ring of protection from cold
Wands
 k - a wand of roots (11)
 C - a wand of quicksilver (5)
 E - a wand of polymorph (15)
 F - a wand of flame (51)
 M - a wand of mindburst (1)
Scrolls
 c - 6 scrolls of immolation
 i - a scroll of blinking
 m - a scroll of fear
 n - a scroll of torment
 s - 13 scrolls of teleportation
 v - 4 scrolls of magic mapping
 z - 6 scrolls of silence
 B - 7 scrolls of vulnerability
 D - 2 scrolls of fog
 L - 5 scrolls of poison
Potions
 d - a potion of magic
 g - 7 potions of flight
 h - 3 potions of berserk rage
 j - a potion of cancellation
 l - 13 potions of curing
 q - 7 potions of heal wounds
 t - 4 potions of might
 u - a potion of attraction
 w - 10 potions of resistance
 A - 3 potions of ambrosia
 H - 2 potions of mutation
 I - 5 potions of haste
 K - a potion of invisibility
 Q - 4 potions of brilliance
Miscellaneous
 G - a phial of floods (inert)


   Skills:
 - Level 12.0(17.0) Fighting
 - Level 16.0(21.0) Maces & Flails
 - Level 16.0(21.0) Armour
 - Level 3.0(8.0) Stealth
 - Level 10.0(15.0) Shields
 - Level 2.3(7.3) Unarmed Combat
 - Level 3.0 Spellcasting
 - Level 0.6 Conjurations
 + Level 9.8 Invocations
 - Level 4.0 Evocations


You had 21 spell levels left.
You didn't know any spells.
Your spell library contained the following spells:

 Spells                   Type           Power      Damage    Failure   Level
 Magic Dart               Conj           16%        1d3       50%         1
 Foxfire                  Conj/Fire      12%        2x1d4     54%         1
 Beastly Appendage        Tmut           4%         N/A       56%         1
 Necrotise                Necr           8%         1d4       56%         1
 Cigotuvi's Dreadful Rot  Necr/Pois/Air  4%         N/A       71%         2
 Poisonous Vapours        Pois/Air       4%         N/A       71%         2
 Scorch                   Fire           4%         2d5       71%         2
 Wereblood                Tmut           2%         N/A       71%         2
 Mephitic Cloud           Conj/Pois/Air  3%         N/A       89%         3
 Ozocubu's Armour         Ice            2%         N/A       91%         3
 Spider Form              Tmut/Pois      2%         N/A       91%         3
 Swiftness                Air            2%         N/A       91%         3
 Flame Wave               Conj/Fire      3%         2d5       99%         4
 Alistair's Intoxication  Tmut/Pois      1%         N/A       100%        5
 Arcjolt                  Conj/Air       1%         1d11      100%        5
 Blade Hands              Tmut           1%         N/A       100%        5
 Fireball                 Conj/Fire      1%         3d3       100%        5
 Freezing Cloud           Conj/Ice/Air   1%         6-21      100%        5
 Eringya's Noxious Bog    Tmut/Pois      1%         N/A       100%        6
 Plasma Beam              Fire/Air       1%         2x1d12    100%        6
 Starburst                Conj/Fire      1%         6d3       100%        6
 Dragon Form              Tmut           1%         N/A       100%        7
 Ozocubu's Refrigeration  Ice            1%         4d7       100%        7
 Maxwell's Capacitive Co  Air            1%         ∞         100%        8
 Apportation              Tloc           Unusable   N/A       N/A         1
 Slow                     Hex            Unusable   N/A       N/A         1
 Summon Small Mammal      Summ           Unusable   N/A       N/A         1
 Blink                    Tloc           Unusable   N/A       N/A         2
 Call Imp                 Summ           Unusable   N/A       N/A         2
 Ensorcelled Hibernation  Hex/Ice        Unusable   N/A       N/A         2
 Passwall                 Tmut/Erth      Unusable   N/A       N/A         2
 Portal Projectile        Hex/Tloc       Unusable   N/A       N/A         3
 Tukima's Dance           Hex            Unusable   N/A       N/A         3
 Vhi's Electric Charge    Tloc/Air       Unusable   N/A       N/A         3
 Animate Dead             Necr           Unusable   N/A       N/A         4
 Cause Fear               Hex            Unusable   N/A       N/A         4
 Manifold Assault         Tloc           Unusable   N/A       N/A         4
 Summon Ice Beast         Ice/Summ       Unusable   N/A       N/A         4
 Borgnjor's Vile Clutch   Necr/Erth      Unusable   N/A       N/A         5
 Summon Forest            Summ/Tloc      Unusable   N/A       N/A         5
 Summon Mana Viper        Hex/Summ       Unusable   N/A       N/A         5
 Death Channel            Necr           Unusable   N/A       N/A         6
 Dispersal                Tloc           Unusable   N/A       N/A         6
 Summon Cactus Giant      Summ           Unusable   N/A       N/A         6
 Monstrous Menagerie      Summ           Unusable   N/A       N/A         7
 Summon Hydra             Summ           Unusable   N/A       N/A         7
 Disjunction              Tloc           Unusable   N/A       N/A         8
 Dragon's Call            Summ           Unusable   N/A       N/A         9

Dungeon Overview and Level Annotations

Branches:
Dungeon (15/15)            Temple (1/1) D:7            Lair (5/5) D:10
 Shoals (2/4) Lair:3        Snake (4/4) Lair:2        Slime (0/5) Lair:4
    Orc (2/2) D:10            Elf (0/3) Orc:2        Vaults (0/5) D:14
 Depths (0/4) D:15          IceCv (visited)

Altars:
Dithmenos
Gozag
Kikubaaqudgha
Okawaru
Ru
Uskayaw
Vehumet
Wu Jian
Xom

Shops:
D:1 [   D:3 *   D:4 !   D:7 =[   Orc:2 (*:[   Snake:3 *

Annotations:
D:14 2 transporters, Wopp's ghost, journeyman GrEE
Lair:4 exclusion: 3 oklob plants
Lair:5 exclusion: oklob plant


Innate Abilities, Weirdness & Mutations

Your natural rate of healing is accelerated.
You have razor-sharp teeth.
You have supernaturally acute eyesight. (SInv)
You sometimes lose the ability to drink potions when taking damage.
You are hated by all.
You cannot train Dodging skill.
You cannot study or cast Earth magic.
You cannot study or cast Hexes magic.
You cannot study or cast Translocations magic.
You are somewhat inexperienced. (-1 XL)
You are afflicted with vampirism and can become a bat while bloodless.


Message History

The merfolk throws a silver boomerang.
The silver boomerang hits you but does no damage.
* * * LOW HITPOINT WARNING * * *
The merfolk hits something with a +2 trident of venom!
Okay, then.
Okay, then.
You gain the combat prowess of a mighty hero.
Splash!
You fall into the shallow water.
Moving in this stuff is going to be slow.
Aiming: Mindburst
Press: ? - help, Shift-Dir - straight line, f - merfolk
Aim: a merfolk, wielding a +0 trident (black smoke, chance to affect: 64%)
The merfolk's mind is blasted!!
You can drink potions again.
You block the merfolk's attack.
Unknown command.
Unknown command.
Unknown command.
You can now deal lightning-fast blows.
The merfolk hits you but does no damage.
The merfolk throws a silver boomerang.
You block the silver boomerang. You block the merfolk's attack.
The merfolk hits you with a +0 trident.
* * * LOW HITPOINT WARNING * * *
The merfolk barely misses you. You block the merfolk's attack.
Unknown command.
You completely miss the merfolk.
The merfolk is moderately wounded.
You block the merfolk's attack.
You barely miss the merfolk. You bite the merfolk.
The merfolk is lightly wounded.
You block the merfolk's attack.
Unknown command.
You impale the merfolk!! You freeze the merfolk!
The merfolk is severely wounded.
The merfolk hits you with a +0 trident!
You feel threatened and lose the ability to drink potions!
* * * LOW HITPOINT WARNING * * *
The merfolk hits you from afar with a +2 trident of venom!
You die...

#≈≈≈≈≈≈≈≈≈≈≈≈≈≈≈≈≈≈~
#≈≈≈≈≈≈≈≈P~~≈≈≈≈≈≈≈~~
#≈≈≈≈≈≈≈≈PPPPP~P≈≈≈P~
#≈≈≈≈≈≈≈≈~~P~~~~≈≈~~.
#≈≈≈≈≈≈≈≈≈P~~~~~PPP..
#≈≈≈≈≈≈P~~P~~§§PPPP..
#≈≈≈≈~mP.##PP§§.§P~..
#≈≈≈~~PP..##§§m§~~~~.
#m≈≈≈~~m..PP§@§§.~~..
#≈≈≈~~~P.PPm§m##..~~.
#≈≈≈~~.P...§§§§...~~~
#≈≈≈~~~...§§.....~~~~
#≈≈≈≈~~~~..#.~~..~~~
#≈≈≈≈~~~~..##.~~~~.~
#≈≈≈≈≈~~~.....~~~.~.
#≈≈≈≈≈≈~~....~~~~..~
#≈≈≈≈≈≈~~..~.~~~~~~~


You could see 3 merfolk.

Vanquished Creatures
  Vashnia (Snake:4)
  Jorgrun (Arena)
  Frances (D:14)
  Kirke (Lair:2)
  Gastronok (D:11)
  3 nagarajas (Snake:4)
  Aizul (Snake:2)
  An orc warlord (Orc:2)
  Nessos (D:14)
  The ghost of kmckee the Severer, a journeyman MiBe of Trog (Orc:2)
  2 merfolk impalers (Shoals:1)
  A fire dragon (Lair:5)
  Josephine (Orc:1)
  Fannar (D:11)
  4 hydras
  2 ogre magi (D:15)
  2 vault guards (D:14)
  Erolcha (Orc:2)
  3 centaur warriors
  A catoblepas (D:15)
  5 salamander tyrants
  A merfolk aquamancer (Shoals:1)
  A merfolk avatar (Shoals:3)
  A boulder beetle (D:15)
  A satyr (Shoals:1)
  7 anacondas
  9 two-headed ogres
  7 naga warriors
  8 naga sharpshooters
  Urug (D:12)
  2 orc high priests
  2 shock serpents
  A skyshark (Lair:4)
  A fire crab (Lair:5)
  10 salamander mystics
  3 sea snakes (Shoals:1)
  4 wizards (D:14)
  4 bog bodies
  A deep elf pyromancer (D:14)
  7 orc knights
  A lindwurm (Lair:5)
  6 mana vipers
  6 naga ritualists
  3 fauns (Shoals:1)
  3 orc sorcerers (Orc:2)
  4 manticores
  28 ugly things
  30 salamanders
  4 cyclopes
  34 black mambas
  7 torpor snails
  An ice statue (IceCv)
  7 guardian serpents
  8 naga magi
  11 elephants
  A gargoyle (D:9)
  9 cane toads
  An unseen horror (D:13)
  A black mamba (shapeshifter) (D:13)
  11 komodo dragons
  2 kobold demonologists (D:12)
  3 freezing wraiths
  2 yaktaurs (D:14)
  An efreet (D:14)
  A rime drake (Lair:5)
  2 ice devils (D:13)
  2 merfolk (Shoals:1)
  8 trolls
  13 polar bears
  A wind drake (Shoals:1)
  12 blink frogs
  7 hornets (Lair:5)
  4 tyrant leeches (Lair:5)
  4 raiju (Lair:5)
  10 slime creatures
  6 wraiths
  A shadow (D:10)
  3 water elementals (Shoals:1)
  2 vampires
  5 basilisks
  9 wyverns
  Eustachio (D:4)
  23 humans
  37 yaks
  A human (shapeshifter) (D:15)
  Grum (D:11)
  A hog (Snake:1)
  2 steam dragons
  22 vampire mosquitoes
  4 wargs (Lair:5)
  38 nagas
  Edmund (D:4)
  An acid dragon (D:9)
  15 water moccasins
  13 hell hounds (Lair:5)
  4 hydra simulacra (IceCv)
  41 orc warriors
  Duvessa (D:7)
  15 black bears
  7 ogres
  19 wolves
  A centaur (shapeshifter) (D:15)
  4 centaurs
  4 kobold brigands
  Blork the orc (D:4)
  11 bullfrogs
  8 two-headed ogre simulacra (IceCv)
  2 cane toad simulacra (IceCv)
  3 scorpions
  3 wights (D:8)
  Dowan (D:7)
  2 elephant simulacra (IceCv)
  26 killer bees
  4 electric eels (D:10)
  6 howler monkeys
  6 lava snakes (Snake:1)
  4 hounds
  3 jellies
  16 orc priests
  2 sleepcaps
  Ijyb (D:3)
  4 iguanas
  22 orc wizards
  4 troll simulacra (IceCv)
  5 wolf simulacra (IceCv)
  8 spriggan simulacra (IceCv)
  Robin (D:2)
  A gnoll (D:6)
  7 naga simulacra (IceCv)
  3 adders
  A river rat (D:12)
  6 white imps
  7 ufetubi (IceCv)
  2 worms
  2 dart slugs
  71 orcs
  6 ball pythons
  7 endoplasms
  3 giant cockroaches
  18 goblins
  16 hobgoblins
  4 jackals (D:4)
  6 quokkas
  6 bats
  A frilled lizard (D:3)
  17 kobolds
  A rat (D:3)
964 creatures vanquished.

Vanquished Creatures (others)
  A naga mage (Snake:4)
  A cane toad (Lair:3)
  A yak (Lair:2)
  A wolf (Lair:5)
  A kobold brigand (D:8)
  An orc priest (D:10)
  An orc wizard (Orc:2)
  3 orcs
  3 kobolds (D:8)
13 creatures vanquished.

Grand Total: 977 creatures vanquished

Notes
Turn   | Place    | Note
-------+----------+-------------------------------------------
     0 | D:1      | SnakkuSnakku7 the Vampire Hedge Wizard began the quest for
                  | the Orb.
     0 | D:1      | Reached XP level 1. HP: 13/13 MP: 4/4
   395 | D:1      | Reached skill level 1 in Unarmed Combat
   408 | D:1      | Found Pussaa's Antique Armour Emporium.
   452 | D:1      | Reached skill level 1 in Fighting
   452 | D:1      | Reached XP level 2. HP: 15/21 MP: 6/6
   734 | D:2      | Noticed Robin
   899 | D:2      | Gained mutation: You are afflicted with vampirism and can
                  | become a bat while bloodless. [Vampire growth]
   899 | D:2      | Reached XP level 3. HP: 21/26 MP: 7/7
   936 | D:2      | Killed Robin
  1170 | D:2      | Reached XP level 4. HP: 33/33 MP: 8/8
  1686 | D:3      | Found Rale Irghueho's Assorted Antiques.
  1753 | D:3      | Reached skill level 1 in Maces & Flails
  1764 | D:3      | Bought a bubbling emerald potion for 20 gold pieces
  1764 | D:3      | Bought a sedimented cyan potion for 20 gold pieces
  1764 | D:3      | Bought a golden potion for 20 gold pieces
  1964 | D:3      | Found a hide-covered altar of Uskayaw.
  2094 | D:3      | Noticed Ijyb
  2167 | D:4      | Noticed Eustachio
  2195 | D:4      | Noticed Edmund
  2215 | D:4      | Killed Edmund
  2216 | D:4      | Reached XP level 5. HP: 41/41 MP: 9/9
  2249 | D:4      | Reached XP level 6. HP: 41/48 MP: 10/10
  2331 | D:3      | Found a basalt altar of Yredelemnul.
  2588 | D:3      | Killed Ijyb
  2667 | D:4      | Noticed Blork the orc
  2684 | D:4      | Killed Blork the orc
  2737 | D:4      | Found Qouh Fuh's Distillery.
  2750 | D:4      | Bought a potion of degeneration for 10 gold pieces
  2750 | D:4      | Bought a potion of might for 40 gold pieces
  3116 | D:4      | Killed Eustachio
  3117 | D:4      | Reached XP level 7. HP: 55/55 MP: 11/11
  3436 | D:5      | Entered Level 5 of the Dungeon
  3748 | D:5      | Reached skill level 5 in Fighting
  4026 | D:3      | Bought a scroll labelled RONYTEF VOPHIH for 23 gold pieces
  4026 | D:3      | Bought a scroll labelled NIELUER AMN for 23 gold pieces
  4026 | D:3      | Bought a scroll labelled VIXOFU XIROK for 23 gold pieces
  4071 | D:4      | Bought a potion of might for 40 gold pieces
  4128 | D:5      | Reached skill level 5 in Maces & Flails
  4199 | D:5      | Reached XP level 8. HP: 56/62 MP: 12/12
  4299 | D:6      | Noticed a troll
  4326 | D:6      | Killed a troll
  4512 | D:6      | Found an iron altar of Okawaru.
  4549 | D:6      | Found an ornate altar of the Wu Jian Council.
  5129 | D:6      | Reached XP level 9. HP: 68/68 MP: 13/13
  5439 | D:1      | Bought a cloak for 117 gold pieces
  5601 | D:7      | Found Qehumiast's Jewellery Boutique.
  5606 | D:7      | Noticed Dowan
  5607 | D:7      | Noticed Duvessa
  5631 | D:7      | Killed Duvessa
  5634 | D:7      | Killed Dowan
  5673 | D:7      | Found a staircase to the Ecumenical Temple.
  5751 | D:7      | Identified the +1 buckler of the Sneaky Gods {+Inv rElec
                  | Int+6 Dex-3}
  5785 | D:7      | Found Couzeqyo's Antique Armour Boutique.
  6611 | Temple   | Entered the Ecumenical Temple
  6629 | Temple   | Became a worshipper of Ru the Awakened
  6750 | D:8      | Reached skill level 10 in Maces & Flails
  7248 | D:8      | Reached XP level 10. HP: 68/74 MP: 14/14
  7808 | D:9      | Gained mutation: You are hated by all. [Ru sacrifice]
  7808 | D:9      | Reached * piety under Ru
  7808 | D:9      | Reached ** piety under Ru
  8304 | D:10     | Entered Level 10 of the Dungeon
  8432 | D:10     | Found a staircase to the Lair.
  8604 | D:7      | Bought a heavily runed scale mail for 234 gold pieces
  8604 | D:7      | Identified the +0 scale mail of Fedhas's Wrath {rCorr} (You
                  | bought it in a shop on level 7 of the Dungeon)
  8910 | D:10     | Noticed a gargoyle
  9033 | D:9      | Killed a gargoyle
  9505 | D:10     | Found a staircase to the Orcish Mines.
  9580 | D:10     | Reached XP level 11. HP: 34/79 MP: 15/15
 10062 | Lair:1   | Entered Level 1 of the Lair of Beasts
 10062 | Lair:1   | Found an opulent altar of Gozag.
 10104 | Lair:1   | Reached skill level 1 in Armour
 10378 | Lair:1   | Reached skill level 5 in Armour
 10812 | Lair:2   | Found a staircase to the Snake Pit.
 10859 | Lair:2   | Reached XP level 12. HP: 33/86 MP: 16/16
 11273 | Lair:2   | Gained mutation: You cannot train Dodging skill. [Ru
                  | sacrifice]
 11273 | Lair:2   | Reached *** piety under Ru
 11691 | Lair:2   | HP: 4/86 [poisoned by a cane toad]
 11696 | Lair:2   | HP: 2/86 [poisoned by a cane toad]
 12479 | Lair:3   | Found a staircase to the Shoals.
 12541 | Lair:3   | Reached skill level 10 in Armour
 12599 | Lair:3   | Noticed an eight-headed hydra
 12619 | Lair:3   | Killed an eight-headed hydra
 13595 | Lair:4   | Reached XP level 13. HP: 44/98 MP: 17/17
 13602 | Lair:4   | Found a staircase to the Slime Pits.
 14004 | Lair:4   | Gained mutation: You are somewhat inexperienced. (-1 XL)
                  | [Ru sacrifice]
 14004 | Lair:4   | Reached XP level 12. HP: 92/92 MP: 16/16
 14004 | Lair:4   | Reached **** piety under Ru
 14296 | Lair:5   | Entered Level 5 of the Lair of Beasts
 14730 | Lair:5   | Found a runed translucent door.
 14731 | Lair:5   | Noticed a fire dragon
 15479 | Lair:5   | Reached skill level 10 in Fighting
 15498 | Lair:5   | Reached skill level 1 in Evocations
 15530 | Lair:5   | HP: 3/97 [hell hound/blast of flame (27)]
 16214 | Lair:5   | Gained mutation: You cannot study or cast Earth magic. [Ru
                  | sacrifice]
 16214 | Lair:5   | Gained mutation: You cannot study or cast Hexes magic. [Ru
                  | sacrifice]
 16214 | Lair:5   | Gained mutation: You cannot study or cast Translocations
                  | magic. [Ru sacrifice]
 16214 | Lair:5   | Reached ***** piety under Ru
 16505 | Lair:5   | Paralysed by a hornet for 2 turns
 16727 | Lair:5   | Paralysed by a hornet for 3 turns
 16742 | Lair:5   | Identified a scroll of acquirement
 16742 | Lair:5   | Acquired 1207 gold pieces
 17246 | Lair:5   | Killed a fire dragon
 17850 | D:11     | Noticed Fannar
 17900 | D:11     | Killed Fannar
 17985 | D:11     | Noticed Grum
 17994 | D:11     | Reached XP level 13. HP: 107/108 MP: 17/17
 17998 | D:11     | Killed Grum
 18074 | D:11     | Noticed Gastronok
 18107 | D:11     | Killed Gastronok
 19129 | D:13     | Noticed Urug
 19215 | D:13     | Noticed Sonja
 19248 | D:12     | Killed Urug
 19279 | D:13     | Sonja changed into Sonja the polar bear
 19279 | D:13     | Noticed Sonja
 19286 | D:13     | Killed Sonja the polar bear
 19300 | D:13     | Found a frozen archway.
 19343 | IceCv    | Entered an ice cave
 19634 | IceCv    | Gained mutation: You occasionally lose the ability to drink
                  | potions when taking damage. [Ru sacrifice]
 19634 | IceCv    | Gained mutation: You sometimes lose the ability to drink
                  | potions when taking damage. [Ru sacrifice]
 19634 | IceCv    | Reached ****** piety under Ru
 20213 | D:6      | Fell from the grace of Ru
 20213 | D:6      | Became a worshipper of Warmaster Okawaru
 20319 | Orc:1    | Entered Level 1 of the Orcish Mines
 20420 | Orc:1    | Noticed Josephine
 20435 | Orc:1    | Killed Josephine
 20659 | Orc:2    | Entered Level 2 of the Orcish Mines
 20669 | Orc:2    | Found a staircase to the Elven Halls.
 20703 | Orc:2    | Reached * piety under Okawaru
 20865 | Orc:2    | Paralysed by an orc sorcerer for 3 turns
 20894 | Orc:2    | Noticed an orc warlord
 21245 | Orc:2    | Noticed Erolcha
 21271 | Orc:2    | Killed Erolcha
 21649 | Orc:2    | Killed an orc warlord
 21649 | Orc:2    | Reached ** piety under Okawaru
 21761 | Orc:2    | Reached skill level 15 in Maces & Flails
 21790 | Orc:2    | Paralysed by an orc sorcerer for 2 turns
 21799 | Orc:2    | Paralysed by an orc sorcerer for 5 turns
 21999 | Orc:2    | Found Aheileh's General Store.
 22006 | Orc:2    | Bought a potion of heal wounds for 70 gold pieces
 22006 | Orc:2    | Bought 2 potions of curing for 84 gold pieces
 22006 | Orc:2    | Bought a scroll of teleportation for 42 gold pieces
 22178 | Orc:2    | Noticed kmckee's ghost (journeyman MiBe)
 22180 | Orc:2    | Found a transporter.
 22183 | Orc:2    | Found a transporter.
 22358 | Orc:2    | Found Utsuan Peopt's Book Emporium.
 22374 | Orc:2    | Found Paanit's Antique Armour Emporium.
 22389 | Orc:2    | Found Yppomn's Antique Weapon Emporium.
 22413 | Orc:2    | Bought a manual of Armour for 1280 gold pieces
 23048 | Orc:2    | Identified the +2 robe "Onkot" {rN+ MP+9}
 23108 | Orc:2    | Killed kmckee's ghost
 23108 | Orc:2    | Reached *** piety under Okawaru
 23341 | D:13     | Identified the +5 chain mail of Free Will {rCorr Int+2
                  | Stlth+}
 23782 | D:13     | Reached **** piety under Okawaru
 24097 | D:14     | Noticed Frances
 24124 | D:14     | Killed Frances
 24125 | D:14     | Reached skill level 1 in Shields
 24208 | D:14     | Reached XP level 14. HP: 115/115 MP: 18/18
 24425 | D:14     | Reached ***** piety under Okawaru
 24425 | D:14     | Received a gift from Okawaru
 24426 | D:14     | Identified the +7 war axe "Xiatso" {protect, rElec}
 24438 | D:14     | Found a gate to the Vaults.
 24488 | D:14     | Noticed Nessos
 24509 | D:14     | Killed Nessos
 24538 | D:14     | Reached skill level 5 in Shields
 24595 | D:14     | Acquired the +2 pair of boots of Pride {*Corrode rPois
                  | Stlth+}
 24608 | D:14     | Acquired the amulet "Anibacs" {Regen+ Dex+2}
 25197 | D:14     | Found a transporter.
 25199 | D:14     | Noticed an iron dragon
 25316 | D:14     | Found a transporter.
 25589 | D:15     | Entered Level 15 of the Dungeon
 25867 | D:15     | Identified the +1 mace "Wiomawn" {antimagic, rF+ Will+}
                  | (Okawaru gifted it to you on level 15 of the Dungeon)
 25867 | D:15     | Received a gift from Okawaru
 26275 | D:15     | Paralysed by an ogre mage for 5 turns
 26285 | D:15     | Paralysed by an ogre mage for 4 turns
 26323 | D:15     | Reached ****** piety under Okawaru
 26445 | D:15     | Found a staircase to the Depths.
 26494 | D:15     | Reached skill level 10 in Shields
 26791 | D:15     | Received a gift from Okawaru
 26929 | D:14     | Noticed Wopp's ghost (journeyman GrEE)
 27103 | Snake:1  | Entered Level 1 of the Snake Pit
 27249 | Snake:1  | Noticed Kirke
 27446 | Lair:2   | Killed Kirke
 27447 | Lair:2   | Reached XP level 15. HP: 93/96 MP: 19/19
 27545 | Snake:1  | Identified the +0 chain mail of the Valley {Harm rN+
                  | Regen+}
 27563 | Snake:1  | Received a gift from Okawaru
 28767 | Snake:2  | Reached skill level 15 in Armour
 28942 | Snake:2  | Noticed Aizul
 28973 | Snake:2  | Killed Aizul
 29243 | Snake:2  | Identified the +1 flail "Tuis" {heavy, rPois rC++ rCorr
                  | Stlth+} (Okawaru gifted it to you on level 2 of the Snake
                  | Pit)
 29243 | Snake:2  | Received a gift from Okawaru
 29550 | Snake:2  | Identified the +7 long sword of the Enchanted Forest
                  | {distort, Dex+4}
 30429 | Snake:3  | Found Golataynk's General Store.
 30434 | Snake:3  | Bought a scroll of teleportation for 45 gold pieces
 30434 | Snake:3  | Bought 2 scrolls of teleportation for 90 gold pieces
 30434 | Snake:3  | Bought a scroll of teleportation for 45 gold pieces
 30434 | Snake:3  | Bought a potion of resistance for 150 gold pieces
 30434 | Snake:3  | Bought a scroll of teleportation for 45 gold pieces
 30730 | Snake:3  | Reached skill level 1 in Invocations
 31246 | Snake:4  | Entered Level 4 of the Snake Pit
 31604 | Snake:4  | Noticed Vashnia
 31650 | Snake:4  | HP: 4/120 [constriction (5)]
 31698 | Snake:4  | Killed Vashnia
 31720 | Snake:4  | Reached skill level 5 in Invocations
 32017 | Snake:4  | Received a gift from Okawaru
 32060 | Snake:4  | Reached XP level 16. HP: 99/127 MP: 5/20
 32464 | Snake:4  | HP: 5/127 [poisoned by a naga warrior (splash of poison)]
 33042 | Snake:4  | Got a serpentine rune of Zot
 33599 | Shoals:1 | Entered Level 1 of the Shoals
 33646 | Shoals:1 | Identified the +7 mace "Voxase" {protect, rF+ rC- Str+8
                  | Dex-2} (Okawaru gifted it to you on level 1 of the Shoals)
 33646 | Shoals:1 | Received a gift from Okawaru
 33666 | Shoals:1 | Noticed Jorgrun
 33669 | Arena    | Entered the Arena
 33683 | Arena    | Killed Jorgrun
 34163 | Shoals:2 | You fall into a shaft and drop 1 floor!
 34221 | Shoals:3 | Mangled by a merfolk

Illustrated notes

Levels and vault maps discovered:
D:1:      matt_arrival_refuge, layout_basic, serial_shops, shop
D:2:      layout_basic, minmay_small_reverse_x, uniq_robin
D:3:      layout_loops_ring, old_standard_altar, lemuel_coloured_pillars_altar,
          serial_shops, shop, nicolae_goblin_pals
D:4:      layout_rooms, serial_shops, shop, serial_bayou, serial_bayou_pond_c,
          serial_bayou_lagoon_b, serial_bayou_lake_a, serial_bayou_crossing,
          serial_bayou_pond_b, bh_walls_and_bars, uniq_edmund,
          uniq_blork_the_orc, uniq_eustachio
D:5:      layout_cave_pools, serial_column_ruins, column_ruins_square_small,
          column_ruins_circle_medium, column_ruins_open_small,
          column_ruins_grid_1, column_ruins_open_tiny, column_ruins_open_tiny
D:6:      layout_cave_pods, okawaru_altar_gauntlet_db,
          pdpol_wu_jian_five_deadly_venoms
D:7:      layout_basic, minmay_temple_entry_gardened_gates, serial_shops,
          nicolae_shop_hallway_plus, nicolae_shop_tiny_glass, uniq_duvessa
D:8:      layout_loops_ring, lemuel_flamethrower_2
D:9:      layout_basic
D:10:     layout_cave_pools, minmay_lair_entry_grove, erik_orc_2
D:11:     layout_gridville, uniq_fannar, uniq_gastronok, uniq_grum
D:12:     layout_roguey, serial_bayou, serial_bayou_pond_d, serial_bayou_pond_a,
          serial_bayou_pond_c, serial_bayou_pond_c
D:13:     layout_irregular_city, portal_ice_cave_demonic_guard,
          small_statue_alley_a, uniq_sonja, uniq_urug
D:14:     layout_loops_corners, grunt_vaults_entry_tiered, grunt_decor_junction,
          gammafunk_ghost_berserking_beasts, uniq_frances, uniq_nessos
D:15:     hangedman_depths_entry_try_elsewhere_first, layout_loops_corners,
          hangedman_decor_lopped
Temple:   compressed_dpeg_circular_temple
Lair:1:   layout_big_grid, basic_altar, minivault_24,
          hangedman_lair_unloving_vines, lemuel_old_faithful
Lair:2:   layout_concentric_octagons, guppyfry_snake_entry_island,
          grunt_megastairs_5, lemuel_fruit_fields, serial_bayou_shore_a
Lair:3:   layout_cave_pods, elwin_shoals_entry_rocks, hibernation_bobbens,
          grunt_megastairs_3, lemuel_fruit_fields
Lair:4:   layout_gridlike, minmay_slime_entry_oklob_enclosed
Lair:5:   wormcave, layout_cave_pods, hangedman_lair_caniforms_friends
Shoals:1: layout_shoals, nicolae_shoals_secluded_bog, uniq_jorgrun
Shoals:2: layout_shoals, ebering_ghost_inner_flame, uniq_ilsuiw
Shoals:3: layout_shoals, uniq_polyphemus
Snake:1:  layout_basic, uniq_kirke
Snake:2:  cheibrodos_snake_lava_hold, layout_misc_corridors, uniq_aizul
Snake:3:  layout_grid_maze, serial_shops, shop
Snake:4:  johnstein_snake_rune_scales, layout_chambers, uniq_vashnia
Orc:1:    layout_diamond_mine, nicolae_orc_bridge_out, nicolae_orc_tapped_out,
          uniq_josephine
Orc:2:    grunt_orc_cross, layout_caves, gammafunk_ghost_arena, uniq_erolcha

Skill      XL: |  1  2  3  4  5  6  7  8  9 10 11 12 13 14 15 16 |
---------------+-------------------------------------------------+-----
Unarmed Combat | 1 2 |  2.3
Fighting       | 1 2 3 4 5 12 8 | 12.0
Maces & Flails | 2 3 5 8 10 13 14 15 16 | 16.0
Summonings     | 0 |  0.0
Armour         | 6 10 11 12 16 | 16.0
Dodging        | 0 |  0.0
Evocations     | 4 |  4.0
Shields        | 1 10 | 10.0
Invocations    | 5 9 |  9.8
Stealth        | |  3.0
Spellcasting   | |  3.0
Conjurations   | |  0.6

Action                     |  1- 3 |  4- 6 |  7- 9 | 10-12 | 13-15 | 16-18 || total
---------------------------+-------+-------+-------+-------+-------+-------++-------
  Melee: Dagger            |    83 |       |       |       |       |       ||    83
         Bite              |    12 |    21 |    52 |   300 |   381 |    64 ||   830
         Mace              |    31 |    69 |       |       |       |       ||   100
         Unarmed           |    21 |       |       |       |       |       ||    21
         Dire flail        |       |   124 |   548 |  2106 |   498 |       ||  3276
         Eveningstar       |       |       |       |       |  2049 |   381 ||  2430
         Punch             |       |       |       |       |    19 |       ||    19
  Throw: Dart              |     1 |     3 |     2 |       |       |       ||     6
 Invoke: Sacrifice Love    |       |       |       |     1 |       |       ||     1
         Apocalypse        |       |       |       |     2 |       |       ||     2
         Sacrifice Arcana  |       |       |       |     1 |       |       ||     1
         Sacrifice Nimblen |       |       |       |     1 |       |       ||     1
         Sacrifice Experie |       |       |       |     1 |       |       ||     1
         Sacrifice Drink   |       |       |       |       |     1 |       ||     1
         Heroism           |       |       |       |       |     1 |     2 ||     3
         Finesse           |       |       |       |       |       |     1 ||     1
         Duel              |       |       |       |       |       |     1 ||     1
Ability: Exsanguinate      |       |       |       |       |     2 |       ||     2
         Revivify          |       |       |       |       |     2 |       ||     2
  Evoke: Wand              |       |       |       |    22 |     9 |     1 ||    32
         Phial of floods   |       |       |       |       |     2 |     1 ||     3
    Use: Scroll            |       |       |       |    29 |    23 |     6 ||    58
         Potion            |       |       |       |     6 |     1 |     2 ||     9
   Stab: Sleeping          |     5 |     8 |     6 |       |     4 |       ||    23
         Distracted        |       |       |       |     9 |     4 |       ||    13
         Invisible         |       |       |       |     8 |       |       ||     8
         Paralysed         |       |       |       |     2 |     1 |       ||     3
         Fleeing           |       |       |       |       |     1 |       ||     1
 Armour: Robe              |    23 |       |       |       |       |       ||    23
         Leather armour    |    12 |    92 |   238 |    39 |       |       ||   381
         Plate armour      |       |       |       |  1142 |   212 |       ||  1354
         Acid dragon scale |       |       |       |    12 |       |       ||    12
         Fire dragon scale |       |       |       |       |   913 |   181 ||  1094
  Dodge: Dodged            |    96 |   170 |   554 |   738 |   955 |   125 ||  2638
  Block: Buckler           |       |     8 |       |       |       |       ||     8
         Kite shield       |       |       |       |       |   718 |   218 ||   936
